AoeStats
← Cofla22

Arabia

506458763Analyzed
1v1 RM · 18d ago on Sep 13, 2026· 35m 30s· 2 players
Game mode
Random Map
Map size
Tiny (2 player)
Population
200
Speed
Normal
Resources
Standard
Victory
Conquest
Starting age
Dark Age
Ending age
Imperial Age
RankedLock teamsTeams togetherTeam positionsShared explorationLock speedFull tech treeHidden civsTurbo modeCheats
Victory
Defeat
🇨🇱 Khmer · Chile
1077
+15
🇦🇷 Hindustanis · Argentina
1056
-15
Cofla22
0:44 Loom
7:30 Loom
10:02 Feudal Age
10:45 Double-Bit Axe
14:00 Wheelbarrow
18:04 Horse Collar
21:05 Castle Age
19:44 Gold Mining
20:08 Bloodlines
21:59 Forging
21:55 Scale Barding Armor
30:17 Bow Saw
30:09 Heavy Plow
33:39 Imperial Age
35:42 Iron Casting
Cisco Beats
4:02 Loom
10:43 Feudal Age
15:30 Castle Age
13:46 Double-Bit Axe
15:06 Horse Collar
21:47 Town Watch
22:46 Bloodlines
23:39 Wheelbarrow
23:30 Bow Saw
23:41 Heavy Plow
24:54 Hand Cart
25:17 Scale Mail Armor
24:56 Pikeman
26:44 Chain Mail Armor
28:30 Forging
30:47 Scale Barding Armor
30:45 Husbandry
31:32 Fletching
32:56 Chain Barding Armor
34:30 Iron Casting
38:10 Imperial Age
Connection lost

Rejoining the realm…

Still unreachable

The connection could not be restored.

Session expired

The server has moved on; the page needs a fresh start.